 Dungeon Crawl Stone Soup version 0.29-a0-1009-g60c99734e7 (webtiles) character file.

Game seed: 10487288725117789323

67 drugrobin the Chopper (level 3, 0/30 HPs)
             Began as a Demigod Fighter on Aug 9, 2022.
             Slain by Heh's ghost (8 damage)
             ... on level 3 of the Dungeon.
             The game lasted 00:03:06 (1268 turns).

drugrobin the Chopper (Demigod Fighter)             Turns: 1268, Time: 00:03:07

Health: 0/30       AC:  8    Str: 21    XL:     3   Next: 72%
Magic:  5/5        EV:  9    Int: 10    God:
Gold:   38         SH:  4    Dex: 13    Spells: 2/2 levels left

rFire   . . .      SeeInvis .   a - +0 war axe
rCold   + + .      Faith    .   c - +0 buckler
rNeg    . . .      Spirit   .   l - +0 scale mail
rPois   +          Reflect  .   (no helmet)
rElec   .          Harm     .   g - +1 cloak
rCorr   .          Rampage  .   (no gloves)
Will    +....                   (no boots)
Stlth   ..........              (no amulet)
HPRegen 0.10/turn               h - ring of poison resistance
MPRegen 0.09/turn               (no ring)

@: no status effects
A: high MP 1, forlorn, divine attributes, cold resistance 2, strong-willed 1
a: no special abilities


You were on level 3 of the Dungeon.
You visited 1 branch of the dungeon, and saw 3 of its levels.

You collected 38 gold pieces.

Inventory:

Hand Weapons
 a - a +0 war axe (weapon)
 b - a +0 sling
Missiles
 e - 16 stones (quivered)
Armour
 c - a +0 buckler (worn)
 g - a +1 cloak (worn)
 l - a +0 scale mail (worn)
Jewellery
 h - a ring of poison resistance (left hand)
Scrolls
 i - a scroll of blinking {unknown}
 n - a scroll of amnesia {unknown}
 o - a scroll of fear {unknown}
Potions
 d - a potion of might
 p - a potion of attraction {unknown}


   Skills:
 - Level 2.6 Fighting
 + Level 3.9 Axes
 - Level 2.6 Armour
 - Level 2.6 Shields


You had 2 spell levels left.
You didn't know any spells.
Your spell library contained the following spells:

 Spells                   Type           Power      Damage    Failure   Level
 Necrotise                Necr           0%         1d4       80%         1
 Vampiric Draining        Necr           0%         2d6       99%         3
 Agony                    Necr           0%         N/A       100%        5


Dungeon Overview and Level Annotations

Branches:
Dungeon (3/15)

Annotations:
D:2 Terence
D:3 Heh's ghost, amateur OpFi


Innate Abilities, Weirdness & Mutations

You have an increased reservoir of magic. (+10% MP)
You shall have no god before yourself.
Your divine heritage dramatically boosts your attributes as you level up.
Your flesh is very cold resistant. (rC++)
You are strong-willed. (Will+)


Message History

* * * LOW HITPOINT WARNING * * *
Unknown command.
Unknown command.
Unknown command.
You slash Heh's ghost!
Heh's ghost is severely damaged.
Heh's ghost closely misses you.
Unknown command.
Unknown command.
Unknown command.
You barely miss Heh's ghost.
Heh's ghost is severely damaged.
Heh's ghost hits you!
* * * LOW HITPOINT WARNING * * *
Unknown command.
Unknown command.
Unknown command.
Unknown command.
It was a potion of resistance.
You feel protected.
Heh's ghost hits you but does no damage.
Unknown command.
Unknown command.
It was a potion of cancellation.
Your magical effects are unravelling.
You feel magically purged.
You feel a little less mighty now.
Your resistance to elements expires.
Heh's ghost closely misses you.
Unknown command.
Unknown command.
It was a potion of mutation.
You feel extremely strange.
You feel resistant to cold.
You feel strong-willed.
You feel more resistant to cold. Heh's ghost barely misses you.
Unknown command.
Unknown command.
It was a potion of curing.
You feel better.
Heh's ghost whispers, "The ORB doesn't exist."
Heh's ghost hits you!
You die...

#. #. ####.#.##.
....#.##.
#..#.##.### #..#.##.
.## #.......#..###
#..#.###Z....#
######.....@WZZ...#
........#..###'''###
#######..###.......#
##.# ##.....##
#######.###.......#
..........##.)$..##
#######.###..#.#..#
#.# ########
#.######..# ##.


You could see Heh's ghost, a killer bee zombie, a centaur zombie and a centaur
skeleton.

Vanquished Creatures
  A hound (D:2)
  An adder (D:3)
  A worm (D:2)
  2 ball pythons
  2 bats (D:3)
  3 endoplasms (D:1)
  4 goblins
  3 hobgoblins (D:1)
  A quokka (D:2)
  2 kobolds
  5 rats
25 creatures vanquished.

Notes
Turn   | Place    | Note
-------+----------+-------------------------------------------
     0 | D:1      | drugrobin the Demigod Fighter began the quest for the Orb.
     0 | D:1      | Reached XP level 1. HP: 18/18 MP: 3/3
    61 | D:1      | Reached skill level 2 in Axes
   452 | D:1      | Reached XP level 2. HP: 25/25 MP: 4/4
  1020 | D:2      | Reached skill level 3 in Axes
  1020 | D:2      | Reached XP level 3. HP: 25/30 MP: 5/5
  1021 | D:2      | Noticed Terence
  1247 | D:3      | Found a runed translucent gate.
  1247 | D:3      | Found a runed translucent gate.
  1247 | D:3      | Found a runed translucent gate.
  1248 | D:3      | Noticed Heh's ghost (amateur OpFi)
  1267 | D:3      | Gained mutation: Your flesh is cold resistant. (rC+)
                  | [potion of mutation]
  1267 | D:3      | Gained mutation: You are strong-willed. (Will+) [potion of
                  | mutation]
  1267 | D:3      | Gained mutation: Your flesh is very cold resistant. (rC++)
                  | [potion of mutation]
  1268 | D:3      | Slain by Heh's ghost

Illustrated notes

Levels and vault maps discovered:
D:1:      erik_arrival_triangle_large, layout_basic, minmay_misc_feat_encased
D:2:      layout_rooms, serial_shops, nicolae_shop_behind_doors,
          due_unseen_surprise, uniq_terence, uniq_sigmund
D:3:      layout_loops_ring, gammafunk_ghost_necromancy, uniq_ijyb

Skill      XL: |  1  2 |
---------------+-------+-----
Axes           | 2 3 |  3.9
Fighting       | |  2.6
Armour         | |  2.6
Shields        | |  2.6

Action                   || total
-------------------------++-------
Melee: War axe           ||    72
 Fire: Sling             ||    13
  Use: Potion            ||     5
Armor: Scale mail        ||    35
Dodge: Dodged            ||    36
Block: Buckler           ||    13

Table legend: (Time is in decaauts)
 A = Elapsed time spent in this place.
 B = Non-inter-level travel time spent in this place.
 C = Inter-level travel time spent in this place.
 D = Time resting spent in this place.
 E = Time spent auto-exploring this place.
 F = Levels seen in this place.
 G = Mean time per level.
                   A        B        C        D        E       F      G
               +--------+--------+--------+--------+--------+-----+--------+
         Total |   1302 |   1276 |     26 |    229 |    660 |   3 |  434.0 |
       Dungeon |   1302 |   1276 |     26 |    229 |    660 |   3 |  434.0 |
               +--------+--------+--------+--------+--------+-----+--------+

Top non-repeatable levels by time:
     D:1: 947 daAuts
     D:2: 218 daAuts
     D:3: 135 daAuts
